 Dungeon Crawl Stone Soup version 0.31-a0-1074-g0b22e4e0f1 (webtiles) character file.

Game seed: 14748001171332691984

12 backslashecho the Grasshopper (level 2, -6/33 HPs)
             Began as a Human Warper on Dec 4, 2023.
             Mangled by a gnoll
             ... wielding a +0 spear
              (9 damage)
             ... on level 1 of the Dungeon.
             The game lasted 00:02:16 (324 turns).

backslashecho the Grasshopper (Human Warper)         Turns: 324, Time: 00:02:16

Health: -6/33      AC:  3    Str: 11    XL:     2   Next: 45%
Magic:  5/5        EV: 11    Int: 13    God:
Gold:   0          SH:  0    Dex: 12    Spells: 5/5 levels left

rFire   . . .        a - +0 hand axe
rCold   . . .        (no shield)
rNeg    . . .        b - +0 leather armour
rPois   .            (no helmet)
rElec   .            (no cloak)
rCorr   .            (no gloves)
SInv    .            (no boots)
Will    .....        (no amulet) Stlth
                     (no ring)
HPRegen 0.25/turn    (no ring)
MPRegen 0.09/turn

%: no passive effects
@: berserking, very quick
A: no striking features
a: no special abilities


You were on level 1 of the Dungeon.
You visited 1 branch of the dungeon, and saw 1 of its levels.

Inventory:

Hand Weapons
 a - a +0 hand axe (weapon)
Missiles
 d - 7 darts of dispersal (quivered)
Armour
 b - a +0 leather armour (worn)
Scrolls
 c - a scroll of blinking
Potions
 f - a potion of curing {unknown}


   Skills:
 + Level 2.1 Fighting
 * Level 2.2 Axes
 + Level 1.2 Throwing
 + Level 1.1 Armour
 - Level 2.0 Dodging
 + Level 0.5 Unarmed Combat
 - Level 2.0 Spellcasting
 + Level 3.0 Translocations


You had 5 spell levels left.
You didn't know any spells.
Your spell library contained the following spells:

 Spells                   Type           Power      Damage    Failure   Level
 Blink                    Tloc           18%        N/A       14%         2
 Lesser Beckoning         Tloc           18%        N/A       14%         2
 Teleport Other           Tloc           9%         N/A       28%         3
 Manifold Assault         Tloc           9%         N/A       67%         4
 Vhi's Electric Charge    Tloc/Air       10%        N/A       87%         4


Dungeon Overview and Level Annotations

Branches:
Dungeon (1/15)

Altars:

Shops:
D:1 !


Message History

The bat hits you but does no damage.
You barely miss the bat. You hit the rat. The bat barely misses you.
The rat bites you but does no damage.
You hit the rat.
You kill the rat!
The bat hits you but does no damage.
A goblin comes into view. It is wielding a +0 dagger.
The bat hits you but does no damage. The hobgoblin misses you.
The goblin moves out of view.
You closely miss the hobgoblin. You barely miss the bat.
The bat barely misses you. The hobgoblin hits you.
You take 4 damage, and have 18/22 hp.
You closely miss the hobgoblin. You closely miss the bat.
The bat hits you but does no damage.
The gnoll hits you from afar with a +0 spear.
The hobgoblin barely misses you.
You take 5 damage, and have 13/22 hp.
MASSIVE DAMAGE!!
The bat hits you but does no damage. The gnoll barely misses you.
The hobgoblin attacks as it pursues you!
The hobgoblin barely misses you. The bat hits you but does no damage.
The gnoll hits you from afar with a +0 spear.
The hobgoblin attacks as it pursues you!
The hobgoblin misses you.
You take 3 damage, and have 11/22 hp.
The hobgoblin attacks as it pursues you!
The hobgoblin barely misses you.
The goblin shouts!
You hit the hobgoblin but do no damage. The hobgoblin hits you.
You closely miss the hobgoblin.
The gnoll hits you from afar with a +0 spear.
* * * LOW HITPOINT WARNING * * *
The hobgoblin closely misses you.
You take 6 damage, and have 5/22 hp.
MASSIVE DAMAGE!!
The hobgoblin attacks as it pursues you!
The hobgoblin hits you.
* * * LOW HITPOINT WARNING * * *
You take 4 damage, and have 1/22 hp.
It was a potion of berserk rage.
A red film seems to cover your vision as you go berserk!
You feel yourself moving faster!
You feel mighty! The hobgoblin misses you.
You now have 2/33 hp.
You slash the hobgoblin!
You kill the hobgoblin!
The bat barely misses you.
You hit the bat.
You kill the bat!
The gnoll hits you with a +0 spear!
You die...

.....~~..... ..
.....~~....# ..
...........## ..
...~....~...# ..
............#
............#
....####...g# .
#######g################+
........@................
#########................
#................
#................
#..[.............
#########.#......
#........ ###.......
#.........


You could see a gnoll and a goblin.

Vanquished Creatures
  4 endoplasms (D:1)
  A hobgoblin (D:1)
  A kobold (D:1)
  A ball python (D:1)
  2 bats (D:1)
  3 rats (D:1)
12 creatures vanquished.

Notes
Turn   | Place    | Note
-------+----------+-------------------------------------------
     0 | D:1      | backslashecho the Human Warper began the quest for the Orb.
     0 | D:1      | Reached XP level 1. HP: 16/16 MP: 3/3
     2 | D:1      | Noticed a spriggan
     4 | D:1      | Noticed a ghoul
     4 | D:1      | Noticed a meteoran
     6 | D:1      | Noticed a draconian
     6 | D:1      | Noticed a vine stalker
     8 | D:1      | Noticed a vampire
     8 | D:1      | Noticed a minotaur
    10 | D:1      | Noticed an ogre
    10 | D:1      | Noticed a naga
    12 | D:1      | Noticed an elf
    14 | D:1      | Noticed an octopode
    14 | D:1      | Noticed a demigod
    16 | D:1      | Noticed an armataur
    16 | D:1      | Noticed a human
    18 | D:1      | Noticed a merfolk
    20 | D:1      | Noticed a felid
    20 | D:1      | Noticed a troll
    22 | D:1      | Noticed a formicid
    22 | D:1      | Noticed a gargoyle
    24 | D:1      | Noticed a tengu
    24 | D:1      | Noticed a demigod
    70 | D:1      | Noticed a spriggan
    70 | D:1      | Noticed a draconian
   223 | D:1      | Found Ilyddos's Distillery.
   241 | D:1      | Reached XP level 2. HP: 21/22 MP: 5/5
   320 | D:1      | HP: 1/22 [hobgoblin (4)]
   324 | D:1      | Mangled by a gnoll

Illustrated notes

Levels and vault maps discovered:
D:1:      kb_arrival_jail, layout_basic, serial_shops,
          nicolae_shop_rolling_square, shapermc_ecumenical_altar_pompeii,
          skrybe_limestone_x, minmay_heptomino_o4

Action                     || total
---------------------------++-------
  Melee: Hand axe          ||    31
    Use: Potion            ||     1
 Armour: Leather armour    ||    22
  Dodge: Dodged            ||    18

Table legend: (Time is in decaauts)
 A = Elapsed time spent in this place.
 B = Non-inter-level travel time spent in this place.
 C = Inter-level travel time spent in this place.
 D = Time resting spent in this place.
 E = Time spent auto-exploring this place.
 F = Levels seen in this place.
 G = Mean time per level.
                   A        B        C        D        E       F      G
               +--------+--------+--------+--------+--------+-----+--------+
         Total |    329 |    329 |      0 |     49 |     62 |   1 |  329.0 |
       Dungeon |    329 |    329 |      0 |     49 |     62 |   1 |  329.0 |
               +--------+--------+--------+--------+--------+-----+--------+

Top non-repeatable levels by time:
     D:1: 329 daAuts
